 Dungeon Crawl Stone Soup version 0.29-a0-270-g1586fc07ea (webtiles) character file.

Game seed: 9943503263672760552

71 croobank the Firebug (level 4, -2/32 HPs)
             Began as a Gnoll Fire Elementalist on Mar 7, 2022.
             Slain by Grinder (6 damage)
             ... on level 3 of the Dungeon.
             The game lasted 00:05:46 (1975 turns).

croobank the Firebug (Gnoll Fire Elementalist)      Turns: 1975, Time: 00:05:48

Health: -2/32      AC:  3    Str: 13    XL:     4   Next: 24%
Magic:  1/11       EV: 13    Int: 16    God:
Gold:   64         SH:  0    Dex: 13    Spells: 10/13 levels left

rFire   . . .      SeeInvis +   f - +0 short sword
rCold   . . .      Faith    .   (no shield)
rNeg    . . .      Spirit   .   a - +0 robe
rPois   .          Reflect  .   (no helmet)
rElec   .          Harm     .   (no cloak)
rCorr   .          Rampage  .   (no gloves)
Will    .....                   e - +0 pair of boots
Stlth   +++.......              l - amulet of the acrobat
HPRegen 0.10/turn               i - ring of see invisible
MPRegen 0.12/turn               j - +6 ring of strength

@: no status effects
A: fangs 1, strong nose, distributed training
a: no special abilities


You were on level 3 of the Dungeon.
You visited 1 branch of the dungeon, and saw 3 of its levels.

You collected 64 gold pieces.

Inventory:

Hand Weapons
 f - a +0 short sword (weapon)
 g - a +0 short sword
Missiles
 c - 151 stones
Armour
 a - a +0 robe (worn)
 d - a +0 ring mail
 e - a +0 pair of boots (worn)
Jewellery
 i - a ring of see invisible (left hand)
 j - a +6 ring of strength (right hand)
 l - an amulet of the acrobat (around neck)
Scrolls
 h - a scroll of enchant armour {unknown}
 k - a scroll of teleportation {unknown}
 p - a scroll of blinking {unknown}
 q - a scroll of enchant weapon {unknown}
Potions
 b - a potion of magic
 m - a potion of lignification {unknown}
 n - a potion of curing {unknown}
 o - a potion of cancellation {unknown}
 r - a potion of flight {unknown}


   Skills:
 + Level 1.1 Fighting
 + Level 1.1 Short Blades
 + Level 1.1 Long Blades
 + Level 1.1 Axes
 + Level 1.1 Maces & Flails
 + Level 1.1 Polearms
 + Level 1.1 Staves
 + Level 1.1 Slings
 + Level 1.1 Bows
 + Level 1.1 Crossbows
 + Level 1.1 Throwing
 + Level 1.1 Armour
 + Level 4.6 Dodging
 + Level 4.2 Stealth
 + Level 1.1 Shields
 + Level 1.1 Unarmed Combat
 + Level 5.0 Spellcasting
 + Level 2.2 Conjurations
 + Level 0.8 Hexes
 + Level 0.8 Summonings
 + Level 0.8 Necromancy
 + Level 0.8 Translocations
 + Level 0.8 Transmutations
 + Level 5.4 Fire Magic
 + Level 0.8 Ice Magic
 + Level 0.8 Air Magic
 + Level 0.8 Earth Magic
 + Level 0.8 Poison Magic
 + Level 1.2 Invocations
 + Level 1.1 Evocations


You had 10 spell levels left.
You knew the following spells:

 Your Spells              Type           Power      Damage    Failure   Level
a - Foxfire               Conj/Fire      64%        2x1d7     3%          1
b - Scorch                Fire           42%        2d7       2%          2

Your spell library contained the following spells:

 Spells                   Type           Power      Damage    Failure   Level
 Shock                    Conj/Air       36%        1d5       9%          1
 Conjure Flame            Conj/Fire      16%        6-21      10%         3
 Slow                     Hex            24%        N/A       11%         1
 Inner Flame              Hex/Fire       14%        N/A       12%         3
 Flame Wave               Conj/Fire      16%        2d6       30%         4
 Confusing Touch          Hex            6%         N/A       32%         3
 Frozen Ramparts          Ice            12%        1d3       32%         3
 Swiftness                Air            6%         N/A       32%         3
 Vampiric Draining        Necr           6%         2d6       32%         3
 Airstrike                Air            3%         N/A       71%         4
 Ice Form                 Ice/Tmut       6%         N/A       71%         4
 Summon Ice Beast         Ice/Summ       6%         N/A       71%         4


Dungeon Overview and Level Annotations

Branches:
Dungeon (3/15)

Altars:
Gozag
Sif Muna

Annotations:
D:3 Grinder


Innate Abilities, Weirdness & Mutations

You have very sharp teeth.
Your uncanny sense of smell can sniff out nearby items.
Your experience applies equally to all skills.


Message History

Flames lash Grinder.
Grinder is lightly wounded.
Grinder's fire resistance burns away.
Grinder gestures at you. Pain shoots through your body!
Casting: Scorch (safe; 2% risk of failure)
Confirm with . or Enter, or press ? or * to list all spells.
Flames lash Grinder.
Grinder is burned terribly!
Grinder is heavily wounded.
Grinder hits you.
Casting: Scorch (safe; 2% risk of failure)
Confirm with . or Enter, or press ? or * to list all spells.
Flames lash Grinder.
Grinder is burned terribly!
Grinder is heavily wounded.
Grinder gestures at you.
You suddenly lose the ability to move!
Grinder hits you but does no damage. Grinder gestures at you.
You barely resist. Grinder hits you. Grinder hits you!
You writhe in agony.
Grinder hits you.
* * * LOW HITPOINT WARNING * * *
You writhe in agony.
* * * LOW HITPOINT WARNING * * *
You can move again.
Casting: Scorch (safe; 2% risk of failure)
Confirm with . or Enter, or press ? or * to list all spells.
Flames lash Grinder.
Grinder is burned terribly!
Grinder is severely wounded.
Grinder gestures at you. Pain shoots through your body!
* * * LOW HITPOINT WARNING * * *
Casting: Scorch (safe; 2% risk of failure)
Confirm with . or Enter, or press ? or * to list all spells.
Flames lash Grinder.
Grinder is burned terribly!
Grinder is almost dead.
You hear a shout!
Grinder hits you.
You die...

#..##'#....#######.#
#.###...#### #.#
#####)####### #.#
#............ ..#
#.#.........# ###
#...#..####..
#..##.##..##
#..#..#5...# #.
#...@# .. ##..## .#
####


You could see Grinder (combustible).

Vanquished Creatures
  An iguana (D:3)
  An adder (D:2)
  2 dart slugs
  2 ball pythons
  A bat (D:1)
  5 endoplasms
  3 giant cockroaches
  2 quokkas (D:1)
  7 goblins
  4 kobolds
  A rat (D:2)
29 creatures vanquished.

Vanquished Creatures (collateral kills)
  A goblin (D:1)
1 creature vanquished.

Vanquished Creatures (others)
  41 foxfires
41 creatures vanquished.

Grand Total: 71 creatures vanquished

Notes
Turn   | Place    | Note
-------+----------+-------------------------------------------
     0 | D:1      | croobank the Gnoll Fire Elementalist began the quest for
                  | the Orb.
     0 | D:1      | Reached XP level 1. HP: 13/13 MP: 6/6
    77 | D:1      | Found a faded altar of an unknown god.
   149 | D:1      | Reached XP level 2. HP: 18/19 MP: 5/7
   152 | D:1      | Learned a level 2 spell: Scorch
   743 | D:2      | Reached XP level 3. HP: 5/25 MP: 2/9
  1046 | D:2      | Reached skill level 5 in Spellcasting
  1164 | D:2      | Found a shimmering blue altar of Sif Muna.
  1423 | D:2      | Reached skill level 1 in Invocations
  1643 | D:3      | Found an opulent altar of Gozag.
  1674 | D:3      | Reached skill level 1 in Fighting
  1674 | D:3      | Reached skill level 1 in Short Blades
  1674 | D:3      | Reached skill level 1 in Long Blades
  1674 | D:3      | Reached skill level 1 in Axes
  1674 | D:3      | Reached skill level 1 in Maces & Flails
  1674 | D:3      | Reached skill level 1 in Polearms
  1674 | D:3      | Reached skill level 1 in Staves
  1674 | D:3      | Reached skill level 1 in Slings
  1674 | D:3      | Reached skill level 1 in Bows
  1674 | D:3      | Reached skill level 1 in Crossbows
  1674 | D:3      | Reached skill level 1 in Throwing
  1674 | D:3      | Reached skill level 1 in Armour
  1674 | D:3      | Reached skill level 1 in Shields
  1674 | D:3      | Reached skill level 1 in Unarmed Combat
  1674 | D:3      | Reached skill level 1 in Evocations
  1674 | D:3      | Reached XP level 4. HP: 32/32 MP: 2/11
  1886 | D:3      | Noticed Grinder
  1968 | D:3      | Paralysed by Grinder for 6 turns
  1975 | D:3      | Slain by Grinder

Illustrated notes

Levels and vault maps discovered:
D:1:      dpeg_arrival_stonehenge_8_columns, layout_rooms,
          ebering_ecumenical_altar_abandoned, minmay_tetromino_t2
D:2:      layout_basic, basic_altar
D:3:      layout_loops_ring, mainiacjoe_overflow_alcove_2,
          gammafunk_ghost_abyssal_escape, kennysheep_nondescript,
          minmay_close_crescents, uniq_grinder

Skill      XL: |  1  2  3 |
---------------+----------+-----
Conjurations   | 2 |  2.2
Spellcasting   | 5 |  5.0
Invocations    | 1 |  1.2
Fighting       | 1 |  1.1
Short Blades   | 1 |  1.1
Long Blades    | 1 |  1.1
Axes           | 1 |  1.1
Maces & Flails | 1 |  1.1
Polearms       | 1 |  1.1
Staves         | 1 |  1.1
Slings         | 1 |  1.1
Bows           | 1 |  1.1
Crossbows      | 1 |  1.1
Throwing       | 1 |  1.1
Armour         | 1 |  1.1
Shields        | 1 |  1.1
Unarmed Combat | 1 |  1.1
Evocations     | 1 |  1.1
Dodging        | |  4.6
Stealth        | |  4.2
Hexes          | |  0.8
Summonings     | |  0.8
Necromancy     | |  0.8
Translocations | |  0.8
Transmutations | |  0.8
Fire Magic     | |  5.4
Ice Magic      | |  0.8
Air Magic      | |  0.8
Earth Magic    | |  0.8
Poison Magic   | |  0.8

Action                   |  1- 3 |  4- 6 || total
-------------------------+-------+-------++-------
Melee: Short sword       |    17 |     5 ||    22
       Bite              |     2 |     2 ||     4
 Cast: Foxfire           |    23 |     1 ||    24
       Scorch            |     9 |     7 ||    16
  Use: Scroll            |     1 |       ||     1
Armor: Robe              |     2 |     2 ||     4
Dodge: Dodged            |    25 |     1 ||    26

Table legend: (Time is in decaauts)
 A = Elapsed time spent in this place.
 B = Non-inter-level travel time spent in this place.
 C = Inter-level travel time spent in this place.
 D = Time resting spent in this place.
 E = Time spent auto-exploring this place.
 F = Levels seen in this place.
 G = Mean time per level.
                   A        B        C        D        E       F      G
               +--------+--------+--------+--------+--------+-----+--------+
         Total |   1974 |   1946 |     28 |      0 |   1509 |   3 |  658.0 |
       Dungeon |   1974 |   1946 |     28 |      0 |   1509 |   3 |  658.0 |
               +--------+--------+--------+--------+--------+-----+--------+

Top non-repeatable levels by time:
     D:2: 1009 daAuts
     D:1: 591 daAuts
     D:3: 373 daAuts
